PCL
LAS VEGAS STARS @ GRESHAM GOLD SOULS
09/11/2027
 
TOP OF THE 1ST
Las Vegas Stars batting - Pitching for Gresham Gold Souls : RHP José González
Pitching: RHP José González
Batting: SHB Héctor Barajas 0-0: Called Strike
0-1: Ball
1-1: Bunt for hit - play at first, batter OUT! 3-4
Batting: SHB Sloan James 0-0: Foul Ball, location: 2F
0-1: Ball
1-1: Foul Ball, location: 2F
1-2: Ball
2-2: Fly out, F3 (Popup, 3L)
Batting: RHB Tom Howe 0-0: Swinging Strike
0-1: Called Strike
0-2: Strikes out swinging
Top of the 1st over - 0 run(s), 0 hit(s), 0 error(s), 0 left on base; Las Vegas 0 - Gresham 0
BOTTOM OF THE 1ST
Gresham Gold Souls batting - Pitching for Las Vegas Stars : RHP Dema Mitenkov
Pitching: RHP Dema Mitenkov
Batting: LHB Ezechiele Bruno 0-0: Ball
1-0: Ball
2-0: Called Strike
2-1: Ball
3-1: Base on Balls
Batting: RHB Brian Dixon 0-0: Called Strike
0-1: Called Strike
0-2: Ball
1-2: Ball
2-2: Foul Ball, location: 2F
2-2: Foul Ball, location: 2F
2-2: Foul Ball, location: 2F
2-2: Foul Ball, location: 2F
2-2: Strikes out swinging
Batting: RHB Mario Méndez 0-0: Called Strike
0-1: Swinging Strike
0-2: Strikes out swinging
Batting: LHB Bill Smith 0-0: Ball
1-0: Foul Ball, location: 2F
1-1: Called Strike
1-2: Foul Ball, location: 2F
1-2: DOUBLE (Flyball, 89XD)
Ezechiele Bruno to third
Runner from 3rd tries for Home, throw and OUT!
Bottom of the 1st over - 0 run(s), 1 hit(s), 0 error(s), 1 left on base; Las Vegas 0 - Gresham 0
TOP OF THE 2ND
Las Vegas Stars batting - Pitching for Gresham Gold Souls : RHP José González
Batting: RHB Kyle Bacon 0-0: Ball
1-0: Ball
2-0: Called Strike
2-1: Fly out, F8 (Line Drive, 8RM)
Batting: RHB Brian George 0-0: Ball
1-0: Fly out, F9 (Flyball, 9LD)
Batting: LHB Terry White 0-0: Called Strike
0-1: Ball
1-1: SOLO HOME RUN (Flyball, 9LD), Distance : 346 ft
Batting: LHB Diego Torres 0-0: SINGLE (Groundball, 4MD)
Batting: RHB Ryan McBride 0-0: Called Strike
0-1: Ball
1-1: Ball
2-1: Ball
3-1: Fly out, F8 (Flyball, 8LM)
Top of the 2nd over - 1 run(s), 2 hit(s), 0 error(s), 1 left on base; Las Vegas 1 - Gresham 0
BOTTOM OF THE 2ND
Gresham Gold Souls batting - Pitching for Las Vegas Stars : RHP Dema Mitenkov
Batting: RHB Jim Edgar 0-0: Ground out 4-3 (Groundball, 4)
Batting: RHB Matt Davidson 0-0: Foul Ball, location: 2F
0-1: Ball
1-1: Ball
2-1: Ball
3-1: Swinging Strike
3-2: DOUBLE (Line Drive, 7LM)
Batting: SHB Todd Smith 0-0: Called Strike
0-1: Ball
1-1: Ball
2-1: Swinging Strike
2-2: Strikes out swinging
Batting: RHB Willie Houk 0-0: Ball
1-0: Called Strike
1-1: Ball
2-1: Swinging Strike
2-2: Strikes out swinging
Bottom of the 2nd over - 0 run(s), 1 hit(s), 0 error(s), 1 left on base; Las Vegas 1 - Gresham 0
TOP OF THE 3RD
Las Vegas Stars batting - Pitching for Gresham Gold Souls : RHP José González
Batting: LHB Paco Rivera 0-0: Swinging Strike
0-1: Foul Ball, location: 2F
0-2: Ball
1-2: Ground out 4-3 (Groundball, 34)
Batting: SHB Héctor Barajas 0-0: Ball
1-0: Ball
2-0: Ball
3-0: Base on Balls
Batting: SHB Sloan James 0-0: Ball
1-0: Swinging Strike
1-1: Foul Ball, location: 2F
1-2: Foul Ball, location: 2F
1-2: Foul Ball, location: 2F
1-2: Foul Ball, location: 2F
1-2: Ball
2-2: Fly out, F8 (Flyball, 8RXD)
Batting: RHB Tom Howe 0-0: Ball
1-0: Fly out, F8 (Flyball, 89M)
Top of the 3rd over - 0 run(s), 0 hit(s), 0 error(s), 1 left on base; Las Vegas 1 - Gresham 0
BOTTOM OF THE 3RD
Gresham Gold Souls batting - Pitching for Las Vegas Stars : RHP Dema Mitenkov
Batting: RHB Rob Bailey 0-0: Swinging Strike
0-1: Called Strike
0-2: Ball
1-2: Strikes out swinging
Batting: LHB Ezechiele Bruno 0-0: Called Strike
0-1: Ground out 1-3 (Groundball, 13)
Batting: RHB Brian Dixon 0-0: Ball
1-0: Ball
2-0: Called Strike
2-1: Fly out, F9 (Flyball, 89D)
Bottom of the 3rd over - 0 run(s), 0 hit(s), 0 error(s), 0 left on base; Las Vegas 1 - Gresham 0
TOP OF THE 4TH
Las Vegas Stars batting - Pitching for Gresham Gold Souls : RHP José González
Batting: RHB Kyle Bacon 0-0: Ball
1-0: Swinging Strike
1-1: Ball
2-1: Foul Ball, location: 2F
2-2: Ball
3-2: Strikes out swinging
Batting: RHB Brian George 0-0: Ball
1-0: Foul Ball, location: 2F
1-1: Foul Ball, location: 2F
1-2: DOUBLE (Line Drive, 78D)
Pitching: LHP Shawn Taylor
Batting: LHB Terry White 0-0: Ball
1-0: Fly out, F8 (Flyball, 8RM)
Batting: LHB Diego Torres 0-0: Ball
1-0: Ball
2-0: Foul Ball, location: 2F
2-1: Foul Ball, location: 2F
2-2: Foul Ball, location: 2F
2-2: Strikes out swinging
Top of the 4th over - 0 run(s), 1 hit(s), 0 error(s), 1 left on base; Las Vegas 1 - Gresham 0
BOTTOM OF THE 4TH
Gresham Gold Souls batting - Pitching for Las Vegas Stars : RHP Dema Mitenkov
Batting: RHB Mario Méndez 0-0: Ball
1-0: Ball
2-0: Called Strike
2-1: Foul Ball, location: 2F
2-2: Foul Ball, location: 2F
2-2: Ball
3-2: Base on Balls
Batting: LHB Bill Smith 0-0: Ball
1-0: Swinging Strike
1-1: DOUBLE (Line Drive, 9LS)
Mario Méndez to third
Batting: RHB Jim Edgar 0-0: Ball
1-0: Fly out, F7 (Flyball, 7)
Runner from 3rd tags up, SCORES, throw made
Batting: RHB Matt Davidson 0-0: Ball
1-0: Fly out, F9 (Flyball, 89D)
Runner from 2nd tags up, SAFE at 3rd, no throw
Batting: SHB Todd Smith 0-0: Ball
1-0: SINGLE (Line Drive, 6D)
Bill Smith scores
Batting: RHB Willie Houk 0-0: Ball
1-0: Foul Ball, location: 2F
1-1: Ball
2-1: Foul Ball, location: 2F
2-2: Strikes out looking
Bottom of the 4th over - 2 run(s), 2 hit(s), 0 error(s), 1 left on base; Las Vegas 1 - Gresham 2
TOP OF THE 5TH
Las Vegas Stars batting - Pitching for Gresham Gold Souls : LHP Shawn Taylor
Batting: RHB Ryan McBride 0-0: Called Strike
0-1: Ball
1-1: Fly out, F4 (Popup, 4D)
Batting: LHB Paco Rivera 0-0: Called Strike
0-1: SINGLE (Line Drive, 6MD)
Batting: SHB Héctor Barajas 0-0: Ball
1-0: Swinging Strike
1-1: Fly out, F3 (Popup, 3L)
Batting: SHB Sloan James 0-0: Fly out, F4 (Popup, 3D)
Top of the 5th over - 0 run(s), 1 hit(s), 0 error(s), 1 left on base; Las Vegas 1 - Gresham 2
BOTTOM OF THE 5TH
Gresham Gold Souls batting - Pitching for Las Vegas Stars : RHP Dema Mitenkov
Batting: RHB Rob Bailey 0-0: Called Strike
0-1: Ball
1-1: Ball
2-1: SINGLE (Groundball, 6MD)
Batting: LHB Ezechiele Bruno 0-0: Ball
1-0: Ball
Passed Ball!
Rob Bailey to second
2-0: Fly out, F8 (Flyball, 8LM)
Runner from 2nd tags up, SAFE at 3rd with throw
Batting: RHB Brian Dixon 0-0: Foul Ball, location: 2F
0-1: Swinging Strike
0-2: Ball
1-2: Ball
2-2: Ball
3-2: SINGLE (Flyball, 78S)
Rob Bailey scores
Pitching: RHP Jorge Oliva
Batting: RHB Mario Méndez 0-0: Ball
1-0: Swinging Strike
1-1: Ball
2-1: Ball
3-1: 2-RUN HOME RUN (Flyball, 7D), Distance : 368 ft
Batting: LHB Bill Smith 0-0: Fly out, F8 (Line Drive, 8RM)
Batting: RHB Jim Edgar 0-0: Ball
1-0: SOLO HOME RUN (Flyball, 7LD), Distance : 364 ft
Batting: RHB Matt Davidson 0-0: Called Strike
0-1: Ball
1-1: Foul Ball, location: 2F
1-2: Ball
2-2: SINGLE (Groundball, 6MD)
Batting: SHB Todd Smith 0-0: Ball
1-0: Ball
2-0: Ball
3-0: Base on Balls
Matt Davidson to second
Batting: RHB Willie Houk 0-0: Called Strike
0-1: Ball
1-1: Foul Ball, location: 2F
1-2: Strikes out looking
Bottom of the 5th over - 4 run(s), 5 hit(s), 0 error(s), 2 left on base; Las Vegas 1 - Gresham 6
TOP OF THE 6TH
Las Vegas Stars batting - Pitching for Gresham Gold Souls : LHP Shawn Taylor
Batting: RHB Tom Howe 0-0: SOLO HOME RUN (Flyball, 7D), Distance : 377 ft
Batting: RHB Kyle Bacon 0-0: Ball
1-0: Ball
2-0: Ball
3-0: Called Strike
3-1: Foul Ball, location: 2F
3-2: Strikes out swinging
Batting: RHB Brian George 0-0: Ball
1-0: Ball
2-0: Foul Ball, location: 2F
2-1: Ball
3-1: Ground out 6-3 (Groundball, 6)
Batting: LHB Terry White 0-0: Foul Ball, location: 2F
0-1: Foul Ball, location: 2F
0-2: Foul Ball, location: 2F
0-2: Ball
1-2: Foul Ball, location: 2F
1-2: Foul Ball, location: 2F
1-2: Foul Ball, location: 2F
1-2: Fly out, F9 (Flyball, 9S)
Top of the 6th over - 1 run(s), 1 hit(s), 0 error(s), 0 left on base; Las Vegas 2 - Gresham 6
BOTTOM OF THE 6TH
Gresham Gold Souls batting - Pitching for Las Vegas Stars : RHP Jorge Oliva
Pitching: RHP Ken Burris
Batting: RHB Rob Bailey 0-0: Foul Ball, location: 2F
0-1: Ball
1-1: Foul Ball, location: 2F
1-2: SINGLE (Groundball, 6MD)
Batting: LHB Ezechiele Bruno 0-0: Ball
1-0: Foul Ball, location: 2F
1-1: Ball
2-1: Fly out, F7 (Flyball, 78S)
Batting: RHB Brian Dixon 0-0: Called Strike
0-1: Called Strike
0-2: Grounds into double play, 6-4-3 (Groundball, 6)
Bottom of the 6th over - 0 run(s), 1 hit(s), 0 error(s), 0 left on base; Las Vegas 2 - Gresham 6
TOP OF THE 7TH
Las Vegas Stars batting - Pitching for Gresham Gold Souls : LHP Shawn Taylor
Batting: LHB Diego Torres 0-0: Ball
1-0: Ground out 4-3 (Groundball, 4M)
Batting: RHB Ryan McBride 0-0: Ball
1-0: SINGLE (Line Drive, 6M)
Batting: LHB Paco Rivera 0-0: Foul Ball, location: 2F
0-1: Ball
1-1: Foul Ball, location: 2F
1-2: Ball
2-2: SINGLE (Line Drive, 89S)
Ryan McBride to second
Batting: SHB Héctor Barajas 0-0: Foul Ball, location: 2F
0-1: Called Strike
0-2: Ball
1-2: Ball
2-2: Foul Ball, location: 2F
2-2: Ball
3-2: Strikes out swinging
Batting: SHB Sloan James 0-0: Called Strike
0-1: Ball
1-1: Ball
2-1: Called Strike
2-2: Ball
3-2: Base on Balls
Ryan McBride to third
Paco Rivera to second
Pitching: RHP Robbie O'Neil
Batting: RHB Tom Howe 0-0: Called Strike
0-1: Foul Ball, location: 2F
0-2: Strikes out swinging
Top of the 7th over - 0 run(s), 2 hit(s), 0 error(s), 3 left on base; Las Vegas 2 - Gresham 6
BOTTOM OF THE 7TH
Gresham Gold Souls batting - Pitching for Las Vegas Stars : RHP Ken Burris
Batting: RHB Mario Méndez 0-0: Ball
1-0: DOUBLE (Line Drive, 78XD)
Batting: LHB Bill Smith 0-0: Intentional Walk
Batting: RHB Jim Edgar 0-0: Ball
1-0: Ball
2-0: Fielders Choice at 3rd, U5 (Groundball, 5L)
Bill Smith to second
Batting: RHB Matt Davidson 0-0: Ball
1-0: Ball
2-0: Called Strike
2-1: Ball
3-1: Base on Balls
Bill Smith to third
Jim Edgar to second
Batting: SHB Todd Smith 0-0: Ball
1-0: Ball
2-0: Ball
3-0: Called Strike
3-1: Called Strike
3-2: Fly out, F7 (Flyball, 7D)
Runner from 3rd tags up, SCORES, no throw
Jim Edgar to third
Batting: RHB Willie Houk 0-0: Ball
1-0: Foul Ball, location: 2F
1-1: Ball
2-1: Foul Ball, location: 2F
2-2: Strikes out looking
Bottom of the 7th over - 1 run(s), 1 hit(s), 0 error(s), 2 left on base; Las Vegas 2 - Gresham 7
TOP OF THE 8TH
Las Vegas Stars batting - Pitching for Gresham Gold Souls : RHP Robbie O'Neil
Batting: RHB Kyle Bacon 0-0: Foul Ball, location: 2F
0-1: Ball
1-1: Foul Ball, location: 2F
1-2: Ball
2-2: SINGLE (Groundball, 56D)
Batting: RHB Brian George 0-0: Called Strike
0-1: Ball
1-1: Ball
2-1: Ball
3-1: Base on Balls
Kyle Bacon to second
Batting: LHB Terry White 0-0: Ball
1-0: Swinging Strike
1-1: Ball
2-1: Ball
3-1: Base on Balls
Kyle Bacon to third
Brian George to second
Pitching: RHP Tim Cameron
Batting: LHB Diego Torres 0-0: Called Strike
0-1: Ball
1-1: SINGLE (Line Drive, 34D)
Kyle Bacon scores
Brian George to third
Terry White to second
Batting: RHB Ryan McBride 0-0: Ball
1-0: Ball
2-0: Foul Ball, location: 2F
2-1: Fly out, F8 (Flyball, 8RM)
Batting: LHB Paco Rivera 0-0: Called Strike
0-1: SINGLE (Flyball, 89S)
Brian George scores
Terry White to third
Diego Torres to second
Runner from 3rd tries for Home, SAFE, no throw
Batting: SHB Héctor Barajas 0-0: Ball
1-0: Ball
2-0: Swinging Strike
2-1: Called Strike
2-2: Foul Ball, location: 2F
2-2: Foul Ball, location: 2F
2-2: Ball
3-2: Base on Balls
Diego Torres to third
Paco Rivera to second
Batting: SHB Sloan James 0-0: Ball
1-0: Called Strike
1-1: Foul Ball, location: 2F
1-2: Strikes out looking
Batting: RHB Tom Howe 0-0: Called Strike
0-1: Ball
1-1: Swinging Strike
1-2: Ball
2-2: Strikes out looking
Top of the 8th over - 3 run(s), 3 hit(s), 0 error(s), 3 left on base; Las Vegas 5 - Gresham 7
BOTTOM OF THE 8TH
Gresham Gold Souls batting - Pitching for Las Vegas Stars : RHP Ken Burris
Batting: RHB Rob Bailey 0-0: Swinging Strike
0-1: Foul Ball, location: 2F
0-2: Ball
1-2: Foul Ball, location: 2F
1-2: Ball
2-2: Ball
3-2: Fly out, F2 (Popup, 13)
Batting: LHB Ezechiele Bruno 0-0: Foul Ball, location: 2F
0-1: Ball
1-1: Ball
2-1: Foul Ball, location: 2F
2-2: DOUBLE (Line Drive, 78D)
Batting: RHB Brian Dixon 0-0: Ball
1-0: Ball
2-0: Ball
3-0: Base on Balls
Batting: RHB Mario Méndez 0-0: SINGLE (Line Drive, 8LS)
Ezechiele Bruno to third
Brian Dixon to second
Batting: LHB Bill Smith 0-0: Swinging Strike
0-1: Foul Ball, location: 2F
0-2: Strikes out swinging
Pinch Hitting: LHB Millard Dye 0-0: Called Strike
0-1: Foul Ball, location: 2F
0-2: Ball
1-2: Ball
2-2: Foul Ball, location: 2F
2-2: Ball
3-2: DOUBLE (Line Drive, 8RD)
Ezechiele Bruno scores
Brian Dixon scores
Mario Méndez to third
Mario Méndez scores
Pitching: LHP John Dyer
Batting: RHB Matt Davidson 0-0: Called Strike
0-1: Fly out, F6 (Popup, 6D)
Bottom of the 8th over - 3 run(s), 3 hit(s), 0 error(s), 1 left on base; Las Vegas 5 - Gresham 10
TOP OF THE 9TH
Las Vegas Stars batting - Pitching for Gresham Gold Souls : RHP Tim Cameron
Pitching: RHP Eusébio Lagarto
Now at SS: Elpidio Martinho
Batting: RHB Kyle Bacon 0-0: Ball
1-0: Called Strike
1-1: Ball
2-1: Foul Ball, location: 2F
2-2: Strikes out swinging
Batting: RHB Brian George 0-0: Called Strike
0-1: Swinging Strike
0-2: Strikes out swinging
Batting: LHB Terry White 0-0: Ball
1-0: Swinging Strike
1-1: Foul Ball, location: 2F
1-2: SINGLE (Line Drive, 8RS)
Batting: LHB Diego Torres 0-0: Fly out, F8 (Flyball, 8LM)
Top of the 9th over - 0 run(s), 1 hit(s), 0 error(s), 1 left on base; Las Vegas 5 - Gresham 10
Thursday, March 30th, 2017 - OOTP Baseball 17.12 Build 75